 Dungeon Crawl Stone Soup version 0.29-a0-284-gf9362112df (webtiles) character file.

Game seed: 9959489025709204307

44 spaghetti the Caller (level 3, 0/24 HPs)
             Began as a Demonspawn Summoner on Mar 21, 2022.
             Was a Follower of Dithmenos.
             Slain by an adder (1 damage)
             ... on level 2 of the Dungeon.
             The game lasted 00:03:32 (2099 turns).

spaghetti the Caller (Demonspawn Summoner)          Turns: 2099, Time: 00:03:33

Health: 0/24       AC:  2    Str:  8    XL:     3   Next: 39%
Magic:  17/17      EV: 12    Int: 18    God:    Dithmenos [*.....]
Gold:   92         SH:  0    Dex: 15    Spells: 8/9 levels left

rFire   . . .      SeeInvis .   l - staff of conjuration {!a@e2staff}
rCold   . . .      Faith    .   (no shield)
rNeg    . . .      Spirit   .   a - +0 robe
rPois   .          Reflect  .   (helmet restricted)
rElec   .          Harm     .   (no cloak)
rCorr   .          Rampage  .   (no gloves)
Will    +....                   (no boots)
Stlth   ++........              (no amulet)
HPRegen 0.08/turn               f - ring of magical power
MPRegen 0.15/turn               (no ring)

@: brilliant, wreathed by umbra
A: horns 1, agile 1, strong-willed 1
a: Renounce Religion


You were on level 2 of the Dungeon.
You worshipped Dithmenos.
Dithmenos was aware of your devotion.
You visited 1 branch of the dungeon, and saw 2 of its levels.

You collected 92 gold pieces.


Innate Abilities, Weirdness & Mutations

You have a pair of small horns on your head.
You are agile. (Dex +2)
You are strong-willed. (Will+)


   Skills:
 - Level 1.7 Dodging
 - Level 1.7 Stealth
 + Level 3.6 Spellcasting
 - Level 4.0 Summonings


You had 8 spell levels left.
You knew the following spells:

 Your Spells              Type           Power      Damage    Failure   Level
a - Summon Small Mammal   Summ           100%       N/A       3%          1

Your spell library contained the following spells:

 Spells                   Type           Power      Damage    Failure   Level
 Call Imp                 Summ           26%        N/A       4%          2
 Call Canine Familiar     Summ           26%        N/A       9%          3
 Summon Guardian Golem    Hex/Summ       15%        N/A       21%         3
 Blink                    Tloc           8%         N/A       24%         2
 Ensorcelled Hibernation  Hex/Ice        8%         N/A       24%         2
 Passwall                 Tmut/Erth      3%         N/A       24%         2
 Static Discharge         Conj/Air       7%         N/A       24%         2
 Swiftness                Air            4%         N/A       43%         3
 Summon Lightning Spire   Summ/Air       15%        N/A       56%         4
 Dispel Undead            Necr           4%         3d7       83%         4
 Sticky Flame             Conj/Fire      7%         2d3       83%         4
 Manifold Assault         Tloc           4%         N/A       99%         5
 Storm Form               Tmut/Air       2%         N/A       100%        7

Inventory:

Missiles
 h - 33 stones {throwing}
Armour
 a - a +0 robe (worn)
Magical Staves
 l - a staff of conjuration (weapon) {!a@e2staff}
   (You found it on level 1 of the Dungeon)
Jewellery
 c - a ring of ice
   (You found it on level 1 of the Dungeon)
 f - a ring of magical power (left hand)
   (You found it on level 1 of the Dungeon)
Scrolls
 e - a scroll of enchant armour {unknown}
 i - 2 scrolls of teleportation {unknown}
 m - a scroll of enchant weapon {unknown}
Potions
 b - a potion of magic
 g - a potion of mutation {!q}

Dungeon Overview and Level Annotations

Branches:
Dungeon (2/15)

Altars:
Dithmenos

#.# #.. #.#
#.# #... ..#.#
#.# # #.#.#
#.#.# #...#.#
#†#.#. #.#.#.#
#.#.#..#...#.#
#.#.#......#.#
#.#.####b.S#.#
#...... 5).


You are wreathed by an umbra. Your movement speed is average. Your attack delay
is about 1.2. It was a potion of mutation. You feel extremely strange. You feel
agile. You feel strong-willed. You feel sick. Your bat closely misses the adder.
Your bat completely misses the adder. Your bat hits the adder. The adder bites
you. * * * LOW HITPOINT WARNING * * * 😱 HP[-5] You take 5 damage, and now have
2/24 hp. MASSIVE DAMAGE!! (PAUSE) It was a potion of brilliance. You feel clever
all of a sudden. * * * LOW HITPOINT WARNING * * * You feel sick. You are no
longer poisoned. Your bat hits the adder. Your bat misses the adder. The adder
barely misses you. Your bat barely misses the adder. 😱 HP[-1] You take 1 damage,
and now have 1/24 hp. Okay, then. You aren't carrying any items that you can
evoke. Okay, then. You miss the adder. You headbutt the adder. Your bat hits the
adder but does no damage. Your bat closely misses the adder. The adder bites
you. You die...

Skill      XL: |  1  2 |
---------------+-------+-----
Spellcasting   | 3 |  3.6
Dodging        | |  1.7
Stealth        | |  1.7
Summonings     | |  4.0

Action                   || total
-------------------------++-------
Melee: Unarmed           ||    10
       Staff             ||    47
       Headbutt          ||     8
       Punch             ||     1
 Cast: Summon Small Mamm ||    39
  Use: Potion            ||     3
 Stab: Distracted        ||     1
       Sleeping          ||     1
Armor: Robe              ||     9
Dodge: Dodged            ||    68

Levels and vault maps discovered:
D:1:      elethiomel_arrival_infinity_welcomes_careful_drivers, layout_basic,
          shapermc_ecumenical_altar_totnotflames
D:2:      layout_basic, minmay_misc_feat_iff, supply_closet_lemuel,
          minmay_shallow_snake_nest

Notes
Turn   | Place    | Note
-------+----------+-------------------------------------------
     0 | D:1      | spaghetti the Demonspawn Summoner began the quest for the
                  | Orb.
     0 | D:1      | Reached XP level 1. HP: 13/13 MP: 3/3
     0 | D:1      | magus.rc [v1.9.6]
    16 | D:1      | You pick up a book of Touch and begin reading...
    16 | D:1      | You add the spells Static Discharge, Sticky Flame and
                  | Dispel Undead to your library.
   602 | D:1      | Gained mutation: You have a pair of small horns on your
                  | head. [demonic ancestry]
   602 | D:1      | Reached XP level 2. HP: 19/19 MP: 0/5
   654 | D:1      | Found a faded altar of an unknown god.
   832 | D:1      | Prayed at the altar of an unknown god.
   832 | D:1      | Became a worshipper of Dithmenos the Shadowed
   832 | D:1      | Reached * piety under Dithmenos
  1502 | D:2      | Reached skill level 3 in Spellcasting
  1739 | D:2      | You pick up a book of Burglary and begin reading...
  1739 | D:2      | You add the spells Passwall, Ensorcelled Hibernation and
                  | Swiftness to your library.
  2015 | D:2      | You add the spells Blink, Manifold Assault and Storm Form
                  | to your library.
  2042 | D:2      | Reached XP level 3. HP: 22/24 MP: 7/7
  2097 | D:2      | Gained mutation: You are agile. (Dex +2) [potion of
                  | mutation]
  2097 | D:2      | Gained mutation: You are strong-willed. (Will+) [potion of
                  | mutation]
  2097 | D:2      | HP: 6/24 [poisoned by an adder]
  2097 | D:2      | HP: 2/24 [adder (4)]
  2099 | D:2      | Slain by an adder

Vanquished Creatures
  2 adders (D:2)
  2 ball pythons
  An endoplasm (D:2)
  A giant cockroach (D:1)
  A goblin (D:2)
  A hobgoblin (D:2)
  A kobold (D:1)
  A frilled lizard (D:2)
  3 rats (D:2)
13 creatures vanquished.

Vanquished Creatures (collateral kills)
  4 ball pythons
  An endoplasm (D:2)
  A giant cockroach (D:1)
  A goblin (D:1)
  A hobgoblin (D:1)
  A kobold (D:1)
  A bat (D:2)
  2 rats (D:1)
12 creatures vanquished.

Vanquished Creatures (others)
  4 plants (D:2)
4 creatures vanquished.

Grand Total: 29 creatures vanquished

Table legend:
 A = Non-vault XP
 B = Vault XP
 C = Vault XP percentage of total XP
 D = Non-vault monster count
 E = Vault monster count
 F = Vault count percentage of total count
                 A         B        C        D         E       F
            +---------+---------+-------+---------+---------+-------
      Total |      63 |       0 |   0.0 |      25 |       0 |   0.0
            +---------+---------+-------+---------+---------+-------
        D:1 |      20 |       0 |   0.0 |      12 |       0 |   0.0
        D:2 |      43 |       0 |   0.0 |      13 |       0 |   0.0
            +---------+---------+-------+---------+---------+-------

Illustrated notes

Table legend:
 A = Kills in this place as a percentage of kills in entire the game.
 B = Kills by you in this place as a percentage of kills by you in the entire game.
 C = Kills by friends in this place as a percentage of kills by friends in the entire game.
 D = Other kills in this place as a percentage of other kills in the entire game.
 E = Experience gained in this place as a percentage of experience gained in the entire game.
 F = Experience gained in this place divided by the number of levels of this place that you have seen.
                   A       B       C       D       E      F
               +-------+-------+-------+-------+-------+----------------------
         Total | 100.0 | 100.0 | 100.0 |   N/A | 100.0 |  31.5
       Dungeon | 100.0 | 100.0 | 100.0 |   N/A | 100.0 |  31.5
               +-------+-------+-------+-------+-------+----------------------

Table legend: (Time is in decaauts)
 A = Elapsed time spent in this place.
 B = Non-inter-level travel time spent in this place.
 C = Inter-level travel time spent in this place.
 D = Time resting spent in this place.
 E = Time spent auto-exploring this place.
 F = Levels seen in this place.
 G = Mean time per level.
                   A        B        C        D        E       F      G
               +--------+--------+--------+--------+--------+-----+--------+
         Total |   2106 |   2041 |     65 |     69 |   1671 |   2 | 1053.0 |
       Dungeon |   2106 |   2041 |     65 |     69 |   1671 |   2 | 1053.0 |
               +--------+--------+--------+--------+--------+-----+--------+

Top non-repeatable levels by time:
     D:1: 1437 daAuts
     D:2: 669 daAuts
